 Dungeon Crawl Stone Soup version 0.30.1-11-g7821555f0a (webtiles) character file.

Game seed: 3225045119004005716

30080 strifetoe the Covert (level 13, 0/87 (89) HPs)
             Began as a Djinni Fire Elementalist on Oct 29, 2023.
             Was a High Priest of Hepliaklqana.
             Slain by a tengu warrior
             ... wielding a +0 great sword
              (2 damage)
             ... on level 13 of the Dungeon.
             The game lasted 01:27:11 (16885 turns).

strifetoe the Covert (Djinni Fire Elementalist)    Turns: 16885, Time: 01:27:11

HP:   0/87 (89)     AC:  9    Str:  7    XL:     13   Next: 86%
Gold: 587           EV: 17    Int: 18    God:    Hepliaklqana [*****.] SH:  0 Dex: 18

rFire   + + +        b - +3 short sword (vamp)
rCold   . . .        (no shield)
rNeg    + . .        f - +3 leather armour
rPois   ∞            (no helmet)
rElec   .            K - +0 cloak {rF+}
rCorr   .            J - +0 pair of gloves {infuse}
SInv    +            (boots unavailable)
Will    +++..        A - amulet of Guethrin {rN+ Will++ Regen+}
Stlth   +++++        o - ring of protection from cold
HPRegen 1.14/turn    B - ring of see invisible
MPRegen 0.00/turn

%: infuse magic (-1 HP)
@: flying, very slightly contaminated, lightly drained
A: reduced essence, sickness immunity, fire resistance 2, cold vulnerability 1,
float, innate caster, HP casting, extra vitality 1
a: Renounce Religion, Recall Ancestor, Ancestor Identity, Transference, Idealise


You were on level 13 of the Dungeon.
You worshipped Hepliaklqana.
Hepliaklqana was extremely pleased with you.
You visited 4 branches of the dungeon, and saw 17 of its levels.
You also visited: Volcano.

You collected 1739 gold pieces.
You spent 1152 gold pieces at shops.

Inventory:

Hand Weapons
 b - a +3 vampiric short sword (weapon)
 n - a +4 scimitar of flaming
 q - a +0 morningstar of flaming
 F - the +0 arbalest "Xeuzi" {drain, rElec rF+ Str-5 Int+2}
   (You found it on level 8 of the Dungeon)

   Str:       It affects your strength (-5).
   Int:       It affects your intelligence (+2).
   rF:        It protects you from fire.
   rElec:     It insulates you from electricity.
 I - a +0 dagger of electrocution
Missiles
 u - a throwing net
Armour
 e - a +0 buckler
 f - a +3 leather armour (worn)
 v - a +1 leather armour of fire resistance
 C - a +3 plate armour of fire resistance
 J - a +0 pair of gloves of infusion (worn)
 K - a +0 cloak of fire resistance (worn)
Magical Staves
 a - the staff of fire "Faumneip" {Fly rF+ Will++ MP-9 Int+4}
   (You acquired it on level 5 of the Dungeon)

   [staff of fire]

   Your inability to study Fire Magic prevents you from drawing on the full
   power of this staff in melee.
   Base accuracy: +5 Base damage: 5 Base attack delay: 1.2 This weapon's minimum
   attack delay (0.6) is reached at skill level 12.
   Int:       It affects your intelligence (+4).
   rF:        It protects you from fire.
   MP:        It affects your magic capacity (-9).
   Fly:       It grants you flight.
   Will:      It greatly increases your willpower.
   It falls into the 'Staves' category.
   It is a one-handed weapon.
Jewellery
 o - a ring of protection from cold (left hand)
 y - a ring of resist corrosion
 A - the amulet of Guethrin (around neck) {rN+ Will++ Regen+}
   (You bought it in a shop on level 7 of the Dungeon)

   [amulet of regeneration]

   rN:        It protects you from negative energy.
   Regen:     It increases your rate of health regeneration.
   Will:      It greatly increases your willpower.
 B - a ring of see invisible (right hand)
Wands
 c - a wand of roots (9)
 i - a wand of paralysis (16)
 z - a wand of flame (12)
 D - a wand of mindburst (2)
Scrolls
 d - 4 scrolls of teleportation
 g - 2 scrolls of fog
 m - a scroll of enchant armour
 s - 3 scrolls of vulnerability
 G - 8 scrolls of identify
 N - 2 scrolls of blinking
Potions
 h - 3 potions of resistance
 j - 4 potions of lignification
 k - 7 potions of haste
 l - a potion of curing
 p - 4 potions of cancellation
 r - 2 potions of ambrosia
 t - a potion of attraction
 w - a potion of brilliance
 x - a potion of heal wounds
 E - 2 potions of berserk rage
 H - 4 potions of mutation
 M - 7 potions of invisibility


   Skills:
 - Level 11.0 Fighting
 - Level 4.5 Short Blades
 + Level 4.7 Armour
 - Level 9.3 Dodging
 - Level 11.4 Stealth
 + Level 1.5 Shields
 + Level 9.2 Spellcasting


You knew the following spells:

 Your Spells              Type           Power      Damage    Failure   Level
a - Foxfire               Conj/Fire      100%       2x1d9     1%          1
b - Scorch                Fire           82%        2d8       1%          2
c - Volatile Blastmotes   Fire/Tloc      82%        2d16      1%          3
d - Inner Flame           Hex/Fire       41%        N/A       1%          3
e - Flame Wave            Conj/Fire      41%        2d11      2%          4
f - Freeze                Ice            100%       1d10      1%          1
g - Poisonous Vapours     Pois/Air       82%        N/A       1%          2
h - Call Imp              Summ           82%        N/A       1%          2
i - Petrify               Tmut/Erth      41%        N/A       2%          4
j - Olgreb's Toxic Radia  Pois           41%        N/A       2%          4
k - Agony                 Necr           41%        N/A       8%          5
Your spell library was empty.

Dungeon Overview and Level Annotations

Branches:
Dungeon (13/15)            Temple (1/1) D:7            Lair (2/5) D:11
 Spider (0/4) Lair:2          Orc (1/2) D:11         Vaults (0/5) D:13
Volcano (visited)
  Swamp: Lair:2-3    Shoals: Lair:2-3

Altars:
Ashenzari
Cheibriados
Dithmenos
Elyvilon
Fedhas
Gozag
Hepliaklqana
Makhleb
Nemelex Xobeh
Okawaru
Qazlal
Ru
Trog
Uskayaw
Wu Jian
Xom
Yredelemnul
Zin
The Shining One

Shops:
D:7 *==*[

Annotations:
D:3 2 transporters, lonewolfV2's ghost, amateur DsFi
D:5 2 transporters
D:8 exclusion: downstairs


Innate Abilities, Weirdness & Mutations

Your life essence is reduced to manifest your ancestor. (-10% HP)
You are immune to sickness and miasma.
You are immune to poison.
Your flesh is very heat resistant. (rF++)
You are vulnerable to cold. (rC-)
You float through the air rather than walking.
You learn spells naturally, not from books.
Your magical power is your life essence.
You have superior vitality. (+4 MHP)


Message History

The tengu warrior convulses!
PEEPEEPOOPOO gestures at the tengu warrior while chanting.
The puff of frost hits the tengu warrior.
The tengu warrior hits PEEPEEPOOPOO with a +0 great sword!
PEEPEEPOOPOO is destroyed!
The tengu warrior shouts!
Casting: Agony (dangerous; 8% risk of failure)
Confirm with . or Enter, or press ? or * to list all spells.
Aiming: Agony (dangerous; 8% risk of failure)
Press: ? - help, Shift-Dir - straight line, f/p - tengu warrior
Aim: a tengu warrior, wielding a +0 great sword and wearing a +0 leather armour (almost dead, chance to affect: 90%)
You hear a roar!
The tengu warrior hits you with a +0 great sword!
The tengu warrior pecks you. The tengu warrior barely misses you.
You hear a roar!
Unknown command.
Casting: Agony (dangerous; 8% risk of failure)
Confirm with . or Enter, or press ? or * to list all spells.
Aiming: Agony (dangerous; 8% risk of failure)
Press: ? - help, Shift-Dir - straight line, f/p - tengu warrior
Aim: a tengu warrior, wielding a +0 great sword and wearing a +0 leather armour (almost dead, chance to affect: 90%)
You miscast Agony.
You are very lightly contaminated with residual magic.
You shiver with cold.
You partially resist.
You feel drained. The tengu warrior barely misses you.
The tengu warrior pecks you but does no damage.
The tengu warrior claws you.
* * * LOW HITPOINT WARNING * * *
Casting: Agony (dangerous; 8% risk of failure)
Confirm with . or Enter, or press ? or * to list all spells.
Aiming: Agony (dangerous; 8% risk of failure)
Press: ? - help, Shift-Dir - straight line, f/p - tengu warrior
Aim: a tengu warrior, wielding a +0 great sword and wearing a +0 leather armour (almost dead, chance to affect: 90%)
* * * LOW HITPOINT WARNING * * *
The tengu warrior hits you with a +0 great sword!
* * * LOW HITPOINT WARNING * * *
The tengu warrior pecks you.
* * * LOW HITPOINT WARNING * * *
The tengu warrior claws you.
You die...

#....... #. ####.###
###.####### #..#
#.........# #.##
#.........# #.#
#.........# ###.####
#.........# #.......
#.........#### #.......
#=...Q@......###......[
#.....(...##..##.......
#........>###..........
#...).....# ####.......
########### #.......
##.##### #.. ####


You could see a tengu warrior.

Vanquished Creatures
  A fire dragon (Volcano)
  A catoblepas (Lair:1)
  A boulder beetle (D:13)
  A death knight (D:9)
  3 two-headed ogres
  2 sun demons (Volcano)
  Pikel (D:6)
  A cyclops (D:9)
  2 black mambas (Lair:1)
  A gargoyle (D:12)
  An unseen horror (D:11)
  Maggie (D:7)
  A kobold demonologist (D:10)
  2 komodo dragons
  3 trolls
  Prince Ribbit (D:6)
  A hornet (D:7)
  2 blink frogs (Lair:2)
  Sigmund (D:2)
  6 slime creatures (D:12)
  11 yaks
  A vampire (D:10)
  A wraith (D:12)
  4 wyverns
  A basilisk (D:12)
  2 vampire mosquitoes
  A steam dragon (D:9)
  2 hell hounds
  4 water moccasins
  8 orc warriors
  A sky beast (D:6)
  An ogre (D:5)
  A black bear (D:8)
  8 centaurs
  8 bullfrogs
  Blork the orc (D:5)
  2 scorpions
  2 gnoll sergeants
  5 wights
  10 killer bees
  5 electric eels
  6 hounds (D:11)
  6 orc priests
  2 sleepcaps
  2 iguanas (D:5)
  13 orc wizards
  2 human skeletons (D:4)
  16 gnolls
  5 adders
  3 white imps
  2 ufetubi
  2 worms
  2 dart slugs
  37 orcs
  5 ball pythons
  5 endoplasms
  2 giant cockroaches
  7 goblins
  6 hobgoblins
  10 jackals
  3 quokkas
  4 bats
  3 frilled lizards
  5 kobolds
  An orc skeleton (D:4)
  8 rats
269 creatures vanquished.

Vanquished Creatures (collateral kills)
  2 boulder beetles (D:13)
  A centaur warrior (D:11)
  2 sun demons (Volcano)
  A smoke demon (Volcano)
  A gargoyle (D:10)
  A komodo dragon (D:13)
  2 unseen horrors
  An efreet (D:13)
  3 trolls
  2 blink frogs (Lair:2)
  A tarantella (shapeshifter) (D:13)
  3 wraiths
  9 yaks
  2 basilisks (Lair:1)
  3 steam dragons
  5 vampire mosquitoes
  A water moccasin (Lair:1)
  2 acid dragons (D:11)
  2 hell hounds
  4 orc warriors
  A black bear (Lair:2)
  An ogre (Orc:1)
  A wolf (D:11)
  A centaur (D:9)
  2 lemures (D:6)
  A kobold brigand (D:9)
  A gnoll sergeant (D:8)
  5 bullfrogs (Lair:1)
  4 wights (D:7)
  5 killer bees
  2 electric eels (Lair:1)
  A hound (D:11)
  A jelly (D:6)
  A gnoll bouda (D:8)
  2 orc priests
  2 orc wizards
  3 gnolls
  5 orcs
  A goblin (D:10)
  2 kobolds (D:9)
90 creatures vanquished.

Vanquished Creatures (others)
  A yak (D:10)
  3 ancestors
  9 battlemagi
  A gnoll (D:8)
  97 foxfires
111 creatures vanquished.

Grand Total: 470 creatures vanquished

Notes
Turn   | Place    | Note
-------+----------+-------------------------------------------
     0 | D:1      | strifetoe the Djinni Fire Elementalist began the quest for
                  | the Orb.
     0 | D:1      | strifetoe set off with the following spells memorised:
                  | Foxfire, Scorch, Volatile Blastmotes, Inner Flame, Flame
                  | Wave.
     0 | D:1      | Reached XP level 1. HP: 15/15 MP: 0/0
   183 | D:1      | Found a faded altar of an unknown god.
   317 | D:1      | Reached XP level 2. HP: 19/21 MP: 0/0
   898 | D:1      | Reached XP level 3. HP: 19/26 MP: 0/0
   898 | D:1      | Learned a level 1 spell: Freeze
  1299 | D:2      | Reached skill level 1 in Fighting
  1299 | D:2      | Reached XP level 4. HP: 27/33 MP: 0/0
  1719 | D:2      | Noticed Sigmund
  1731 | D:2      | Killed Sigmund
  1732 | D:2      | Reached XP level 5. HP: 40/40 MP: 0/0
  1732 | D:2      | Learned a level 2 spell: Poisonous Vapours
  1732 | D:2      | Reached XP level 6. HP: 46/46 MP: 0/0
  2241 | D:3      | Found a transporter.
  2790 | D:3      | Found a burning altar of Makhleb.
  2956 | D:3      | Noticed a water moccasin
  2957 | D:3      | Found a transporter.
  2968 | D:3      | Killed a water moccasin
  2969 | D:3      | Reached skill level 1 in Short Blades
  2969 | D:3      | Reached skill level 1 in Armour
  2969 | D:3      | Reached skill level 5 in Dodging
  2969 | D:3      | Reached XP level 7. HP: 33/51 MP: 0/0
  2969 | D:3      | Learned a level 2 spell: Call Imp
  3032 | D:3      | Noticed lonewolfV2's ghost (amateur DsFi)
  3134 | D:4      | Identified a scroll of acquirement
  3134 | D:4      | Acquired 831 gold pieces
  3403 | D:4      | Noticed a two-headed ogre
  3426 | D:5      | Entered Level 5 of the Dungeon
  4467 | D:5      | Identified the +1 leather armour "Fuq Duer" {SInv}
  4608 | D:5      | Found a shadowy altar of Dithmenos.
  4707 | D:5      | Reached XP level 8. HP: 17/58 MP: 0/0
  5000 | D:5      | Noticed Blork the orc
  5010 | D:5      | Killed Blork the orc
  5207 | D:5      | Found a transporter.
  5321 | D:5      | Found a transporter.
  5533 | D:5      | Acquired the staff of fire "Faumneip" {Fly rF+ Will++ MP-9
                  | Int+4}
  5940 | D:6      | Found a glowing golden altar of the Shining One.
  6513 | D:6      | Found a white marble altar of Elyvilon.
  6516 | D:6      | Noticed Pikel
  6752 | D:6      | Found a blossoming altar of Fedhas.
  6915 | D:6      | Killed Pikel
  6916 | D:6      | Reached XP level 9. HP: 18/62 MP: 0/0
  6916 | D:6      | Learned a level 4 spell: Petrify
  7137 | D:6      | Noticed Prince Ribbit
  7150 | D:6      | Killed Prince Ribbit
  7627 | D:7      | Found a glowing silver altar of Zin.
  7628 | D:7      | Noticed Maggie
  7661 | D:7      | HP: 2/62 [Maggie/bolt of fire (5)]
  7666 | D:7      | Killed Maggie
  7667 | D:7      | Reached skill level 5 in Spellcasting
  7834 | D:7      | Found Kufurgh's General Store.
  7848 | D:7      | Found Ekeram's Jewellery Shop.
  7999 | D:7      | Found Zices's Jewellery Boutique.
  8004 | D:7      | Bought the amulet of Guethrin {rN+ Will++ Regen+} for 883
                  | gold pieces
  8011 | D:7      | Bought a ring of see invisible for 240 gold pieces
  8115 | D:7      | Found a staircase to the Ecumenical Temple.
  8121 | Temple   | Entered the Ecumenical Temple
  8226 | Temple   | Became a worshipper of Hepliaklqana the Forgotten
  8274 | D:7      | Noticed a hornet
  8286 | D:7      | Killed a hornet
  8319 | D:7      | You are sucked into a shaft and drop 2 floors!
  8390 | D:7      | Found Amutecza's Armour Emporium.
  8460 | D:7      | Reached XP level 10. HP: 20/68 MP: 0/0
  8556 | D:7      | Found Wisymir's Assorted Antiques.
  8630 | D:7      | Bought a fizzy white potion for 29 gold pieces
  8737 | D:7      | Found a bloodstained altar of Trog.
  9148 | D:8      | Identified the +0 arbalest "Xeuzi" {drain, rElec rF+ Str-5
                  | Int+2}
  9356 | D:8      | Reached skill level 5 in Fighting
  9429 | D:8      | Reached * piety under Hepliaklqana
  9736 | D:8      | Found a stormy altar of Qazlal.
 10238 | D:9      | Noticed a cyclops
 10241 | D:9      | Noticed a death knight
 10354 | D:9      | HP: 1/64 [yak (12)]
 10370 | D:9      | Reached ** piety under Hepliaklqana
 10371 | D:9      | Remembered your ancestor PEEPEEPOOPOO as a battlemage
 10433 | D:9      | Reached XP level 11. HP: 57/68 MP: 0/0
 10433 | D:9      | Learned a level 4 spell: Olgreb's Toxic Radiance
 10752 | D:9      | Killed a cyclops
 11239 | D:9      | Killed a death knight
 11253 | D:9      | Identified the +3 leather armour of the Arcane {Harm rCorr
                  | Dex+7 Stlth-}
 11369 | D:10     | Entered Level 10 of the Dungeon
 11537 | D:10     | Found a shimmering altar of Xom.
 11543 | D:10     | Noticed a two-headed ogre
 11726 | D:10     | Reached *** piety under Hepliaklqana
 11806 | D:10     | Killed a two-headed ogre
 11850 | D:10     | Found a basalt altar of Yredelemnul.
 11974 | D:10     | Found an iron altar of Okawaru.
 12410 | D:11     | Noticed a centaur warrior
 12418 | D:11     | Killed a centaur warrior
 12419 | D:11     | Reached XP level 12. HP: 48/79 MP: 0/0
 12423 | D:11     | Noticed a centaur warrior
 12430 | D:11     | Noticed a two-headed ogre
 12843 | D:11     | Found a staircase to the Orcish Mines.
 12886 | D:11     | Reached **** piety under Hepliaklqana
 12911 | D:11     | Found a broken altar of Ashenzari.
 13118 | D:11     | Noticed a boulder beetle
 13161 | D:11     | Noticed a two-headed ogre
 13171 | D:11     | Killed a two-headed ogre
 13333 | D:11     | Killed a two-headed ogre
 13431 | D:11     | Found a staircase to the Lair.
 13930 | Orc:1    | Entered Level 1 of the Orcish Mines
 13933 | Orc:1    | Noticed an orc warlord
 13934 | Orc:1    | Reached skill level 10 in Stealth
 13937 | Orc:1    | Reached skill level 10 in Fighting
 13938 | Orc:1    | Noticed an orc warlord
 13999 | Lair:1   | Entered Level 1 of the Lair of Beasts
 14027 | Lair:1   | Noticed a catoblepas
 14039 | Lair:1   | Reached XP level 13. HP: 75/86 MP: 0/0
 14039 | Lair:1   | Learned a level 5 spell: Agony
 14049 | Lair:1   | Killed a catoblepas
 14930 | Lair:2   | Found a dark tunnel.
 14944 | Volcano  | Entered a volcano
 15075 | Volcano  | Reached ***** piety under Hepliaklqana
 15280 | Volcano  | Noticed a fire dragon
 15290 | Volcano  | Killed a fire dragon
 15944 | D:12     | Found a bloodstained altar of Trog.
 16691 | D:13     | Found a gate to the Vaults.
 16691 | D:13     | Noticed a vault guard
 16756 | D:13     | Reached skill level 1 in Shields
 16885 | D:13     | HP: 2/87 [tengu warrior/+0 great sword (3)]
 16885 | D:13     | Slain by a tengu warrior

Illustrated notes

Levels and vault maps discovered:
D:1:      lightli_iron_boxes, layout_loops_cross,
          hellmonk_ecumenical_altar_run_dry, skrybe_limestone_x,
          minmay_misc_feat_ornament, minmay_tetromino_s4
D:2:      cheibrodos_pilgrimage, layout_loops_corners, uniq_sigmund
D:3:      layout_basic, lightli_temple_of_fire, gammafunk_ghost_stat_death,
          kennysheep_generic_room_9
D:4:      layout_basic, nicolae_ossuary_entry_catacombs
D:5:      gammafunk_steamed_eel, layout_layer_cave,
          mainiacjoe_overflow_cross_hatched, uniq_blork_the_orc
D:6:      layout_gridville, mainiacjoe_overflow_alcove_1, elyvilon_altar_4,
          fedhas_altar_3, uniq_prince_ribbit1, uniq_pikel
D:7:      layout_basic, old_standard_altar, general_overflow_altar,
          minmay_temple_entry_wispy, serial_shops, nicolae_shop_tiny_waterfront,
          nicolae_shop_tiny_statue_garden, shop, kennysheep_mini_moat, shop,
          mrwooster_statue_mirror, hangedman_abyss_or_decor_lesser_grid,
          uniq_maggie
D:8:      layout_gridville, nicolae_sif_muna_condensation,
          nicolae_qazlal_general_emergency, serial_bayou_lagoon_b
D:9:      layout_irregular_city, kennysheep_island_fort
D:10:     layout_basic, kennysheep_mini, amcnicky_altar_gilded,
          xom_confusion_cloud, enter_bailey_7
D:11:     layout_long_grid, erik_lair_island, david_orc_2,
          ashenzari_conservatory_becter
D:12:     layout_basic, serial_glass, glass_columns_c, glass_columns_a,
          trog_hazing_becter
D:13:     layout_roguey, david_vaults_5
Temple:   jpeg_temple_alley_garden
Lair:1:   layout_small_grid, serial_bayou_lake_a, grunt_megastairs_2,
          infiniplex_staircase_pool_2
Lair:2:   layout_roguey, spider_nest_entry_web_field, enter_volcano_3
Orc:1:    layout_caves

Skill      XL: |  1  2  3  4  5  6  7  8  9 10 11 12 13 |
---------------+----------------------------------------+-----
Spellcasting   | 3 4 6 7 8 9 |  9.2
Fighting       | 1 3 4 6 8 10 11 | 11.0
Dodging        | 3 4 5 6 8 9 |  9.3
Short Blades   | 1 2 4 |  4.5
Armour         | 1 2 4 |  4.7
Stealth        | 2 6 7 8 10 11 | 11.4
Shields        | 1 |  1.5

Action                     |  1- 3 |  4- 6 |  7- 9 | 10-12 | 13-15 || total
---------------------------+-------+-------+-------+-------+-------++-------
  Melee: Unarmed           |   132 |       |       |       |       ||   132
         Punch             |     2 |       |     5 |     7 |       ||    14
         Mace              |     3 |       |       |       |       ||     3
         Short sword       |    10 |       |       |   149 |   101 ||   260
         Dagger            |     7 |   114 |   203 |   184 |       ||   508
         Staff             |       |       |    16 |       |       ||    16
   Cast: Foxfire           |    15 |     2 |    27 |    11 |     2 ||    57
         Scorch            |     2 |     9 |    59 |    16 |     6 ||    92
         Volatile Blastmot |       |     1 |     3 |     6 |    20 ||    30
         Poisonous Vapours |       |     1 |     2 |     1 |     3 ||     7
         Call Imp          |       |       |    19 |    19 |     7 ||    45
         Freeze            |       |       |     3 |       |    13 ||    16
         Inner Flame       |       |       |     3 |     2 |       ||     5
         Petrify           |       |       |     2 |    66 |     2 ||    70
         Flame Wave        |       |       |       |     9 |       ||     9
         Olgreb's Toxic Ra |       |       |       |    51 |    14 ||    65
         Agony             |       |       |       |       |     6 ||     6
 Invoke: Ancestor Life: Ba |       |       |       |     1 |       ||     1
         Ancestor Identity |       |       |       |     1 |       ||     1
         Recall Ancestor   |       |       |       |       |     1 ||     1
  Evoke: Wand              |       |       |       |     5 |     2 ||     7
    Use: Scroll            |     1 |       |    19 |     8 |     4 ||    32
         Potion            |       |     3 |     6 |     2 |     2 ||    13
   Stab: Sleeping          |       |     1 |     3 |     5 |     2 ||    11
         Distracted        |       |       |     1 |     2 |     3 ||     6
         Petrified         |       |       |       |    39 |     4 ||    43
         Petrifying        |       |       |       |     3 |       ||     3
 Armour: Leather armour    |    71 |    34 |    92 |   109 |    25 ||   331
         Robe              |     3 |       |       |       |       ||     3
         Skin              |       |     3 |     6 |       |       ||     9
  Dodge: Dodged            |   108 |    77 |   209 |   351 |    98 ||   843
